 Dungeon Crawl Stone Soup version 0.16.0 (webtiles) character file.

1491 Fiveotanaka the Martial Artist (level 8, 0/58 HPs)
             Began as a Demonspawn Monk on Mar 17, 2015.
             Killed by divine providence
             ... invoked by an orc priest
              (13 damage)
             ... on level 6 of the Dungeon.
             The game lasted 00:21:05 (5177 turns).

Fiveotanaka the Martial Artist (Demonspawn Monk)    Turns: 5177, Time: 00:21:06

Health: 0/58       AC: 12    Str: 12    XL:     8   Next: 51%
Magic:  8/8        EV: 11    Int: 11    God:
Gold:   400        SH:  0    Dex: 18    Spells: 0 memorised, 7 levels left

rFire  + + .     SeeInvis +       - Unarmed
rCold  + . .     Clarity  .     w - +0 ring mail
rNeg   . . .     SustAb   .     (no shield)
rPois  .         Gourm    .     r - +2 helmet
rElec  +         Spirit   .     (no cloak)
rCorr  .         Warding  .     T - +0 pair of gloves "Phyc" {rElec rF+ Regen+ SInv}
rMut   .         Stasis   .     (no boots)
MR     .....                    (no amulet)
Stlth  +.........               n - ring of protection from fire
                                F - ring of protection from cold

@: not resistant to hostile enchantments, very unstealthy
A: hooves 2, molten scales 2, demonic guardian 1
a: no special abilities


You were on level 6 of the Dungeon.
You were hungry.

You visited 2 branches of the dungeon, and saw 7 of its levels.

You collected 400 gold pieces.

Inventory:

Hand weapons
 G - a +0 dagger of distortion
Missiles
 f - a throwing net
 g - 251 stones (quivered)
 q - 16 poisoned needles
Armour
 a - a +0 robe
 r - a +2 helmet (worn)
 w - a +0 ring mail (worn)
 T - the +0 pair of gloves "Phyc" (worn) {rElec rF+ Regen+ SInv}
   (You found it on level 5 of the Dungeon)

   It protects you from fire.
   It insulates you from electricity.
   It enhances your eyesight.
   It increases your rate of regeneration.
Jewellery
 h - an uncursed ring of see invisible
 n - a ring of protection from fire (right hand)
 F - a ring of protection from cold (left hand)
 N - an uncursed ring of sustain abilities
Magical devices
 v - a wand of random effects (28)
 A - a wand of slowing (18)
 M - a wand of teleportation (5)
Scrolls
 d - 3 scrolls of identify
 j - a scroll of recharging {unknown}
 k - 2 scrolls of teleportation
 p - 2 scrolls of fear
 s - a scroll of noise {unknown}
 x - a scroll of remove curse
 y - 2 scrolls of magic mapping
 z - 2 scrolls of enchant armour
 C - a scroll of blinking {unknown}
 H - a scroll of enchant weapon {unknown}
 P - 2 scrolls of immolation
 R - a scroll of fog {unknown}
Potions
 e - 2 potions of brilliance
 l - 2 potions of agility {unknown}
 m - a potion of mutation {unknown}
 o - a potion of beneficial mutation {unknown}
 t - a potion of magic {unknown}
 u - a potion of curing
 B - a potion of restore abilities {unknown}
 E - a potion of heal wounds {unknown}
 I - a potion of berserk rage {unknown}
 L - a potion of cancellation {unknown}
 Q - a potion of cure mutation {unknown}
 S - a potion of resistance {unknown}
 U - a potion of invisibility {unknown}
Books
 D - a book of Unlife

   Spells                             Type                      Level
   a - Recall                         Summoning/Translocation      3
   b - Animate Dead                   Necromancy                   4
   c - Control Undead                 Necromancy                   4
   d - Cigotuvi's Embrace             Necromancy                   5
   e - Death Channel                  Necromancy                   6
   f - Simulacrum                     Ice/Necromancy               6
 J - a book of Necromancy

   Spells                             Type                      Level
   a - Pain                           Necromancy                   1
   b - Animate Skeleton               Necromancy                   1
   c - Vampiric Draining              Necromancy                   3
   d - Regeneration                   Charms/Necromancy            3
   e - Animate Dead                   Necromancy                   4
   f - Control Undead                 Necromancy                   4
 O - a Fen Folio

   Spells                             Type                      Level
   a - Corpse Rot                     Necromancy                   2
   b - Stone Arrow                    Conjuration/Earth            3
   c - Leda's Liquefaction            Hexes/Earth                  4
   d - Summon Forest                  Summoning/Translocation      5
   e - Hydra Form                     Transmutation                6
   f - Summon Hydra                   Summoning                    7
Comestibles
 b - 4 bread rations
 c - 4 meat rations
 i - 3 slices of pizza


   Skills:
 - Level 3.0 Fighting
 + Level 2.9 Armour
 + Level 3.8 Dodging
 - Level 1.7 Stealth
 + Level 9.5 Unarmed Combat


You had 7 spell levels left.
You didn't know any spells.

Dungeon Overview and Level Annotations

Branches:
Dungeon (6/15)             Temple (1/1) D:6

Altars:
Dithmenos
Elyvilon
Fedhas
Kikubaaqudgha
Nemelex Xobeh
Okawaru
Qazlal
Ru
Sif Muna
Trog
Vehumet
Xom
Yredelemnul
Zin
The Shining One

Annotations:
D:4 Dowan


Innate Abilities, Weirdness & Mutations

You have hoof-like feet.
You are mostly covered in molten scales (AC +3, EV -1).
A weak demonic guardian rushes to your aid.


Message History

Your ufetubus hits the orc warrior but does no damage. x2
Your ufetubus closely misses the orc warrior.
Your ufetubus hits the orc warrior but does no damage.
The orc warrior hits your ufetubus with a halberd of venom!
Your ufetubus dies!
You swap places.
Your ufetubus hits the orc warrior but does no damage.
Your ufetubus closely misses the orc warrior.
Your ufetubus hits the orc warrior.
Your ufetubus barely misses the orc warrior.
The orc warrior hits your ufetubus with a halberd of venom!!
Your ufetubus dies!
The orc priest mumbles some strange prayers to Beogh against you.
Something smites you!
* * * LOW HITPOINT WARNING * * *
Drink which item? (? for menu, Esc to quit)
You feel better.
The orc priest invokes the aid of Beogh against you.
Something smites you!
You die...

##### #################
..#.######.....##........#
.......(..)...........o.o##
....####........@.#######.#
....# ##...........## #.##
...## #.............# #..#
...# #............## ##.#
...# ##............# #.##
...###............## #..#
##..##..........### ##.#
#..###.......### #o## ##.#
#....#### ##.#


You could see an orc warrior and an orc priest.

Vanquished Creatures
  2 orc warriors
  A centaur (D:6)
  Duvessa (D:4)
  A scorpion (D:5)
  2 goliath beetles (D:6)
  2 crimson imps
  An orc priest (D:6)
  3 worker ants
  2 hounds
  2 iguanas
  5 orc wizards
  Jessica (D:2)
  Robin (D:2)
  7 adders
  A gnoll (D:4)
  A giant mite (D:4)
  2 shadow imps (D:6)
  3 worms
  An adder zombie (D:5)
  3 giant geckos
  17 orcs
  2 bat zombies
  5 giant cockroaches
  22 goblins
  12 hobgoblins
  5 jackals
  6 kobolds
  3 quokkas
  16 bats
  2 giant newts
  A quokka skeleton (D:5)
  8 rats
141 creatures vanquished.

Vanquished Creatures (collateral kills)
  Pikel (D:6)
  An orc wizard (D:4)
  A gnoll shaman (D:4)
  3 gnolls (D:4)
  A giant gecko (D:5)
  3 orcs
  A giant cockroach (D:4)
  2 kobolds
  A quokka (D:4)
  A giant gecko skeleton (D:4)
  4 jackals (D:4)
  A rat (D:4)
20 creatures vanquished.

Vanquished Creatures (others)
  A water moccasin (D:6)
  A slave (D:6)
  A giant frog (D:6)
  5 crimson imps
  2 iron imps (D:6)
  3 white imps
  7 ufetubi
  A giant gecko (D:6)
21 creatures vanquished.

Grand Total: 182 creatures vanquished

Notes
Turn   | Place    | Note
--------------------------------------------------------------
     0 | D:1      | Fiveotanaka, the Demonspawn Monk, began the quest for the Orb.
     0 | D:1      | Reached XP level 1. HP: 18/18 MP: 1/1
    47 | D:1      | Reached skill level 4 in Unarmed Combat
   263 | D:1      | Gained mutation: You have large cloven feet. [demonic ancestry]
   263 | D:1      | Reached XP level 2. HP: 24/24 MP: 2/2
   904 | D:1      | Gained mutation: A weak demonic guardian rushes to your aid. [demonic ancestry]
   904 | D:1      | Reached XP level 3. HP: 18/29 MP: 3/3
  1193 | D:2      | Reached skill level 5 in Unarmed Combat
  1283 | D:2      | Noticed Robin
  1294 | D:2      | Killed Robin
  1294 | D:2      | Gained mutation: You are partially covered in molten scales (AC +1). [demonic ancestry]
  1294 | D:2      | Reached XP level 4. HP: 32/35 MP: 4/4
  1348 | D:2      | Noticed Jessica
  1352 | D:2      | Killed Jessica
  2147 | D:3      | Found an iron altar of Okawaru.
  2147 | D:3      | Found a white marble altar of Elyvilon.
  2450 | D:4      | Reached XP level 5. HP: 38/41 MP: 5/5
  2471 | D:4      | Reached skill level 6 in Unarmed Combat
  2683 | D:4      | Noticed an orc warrior
  2712 | D:4      | Killed an orc warrior
  2712 | D:4      | Reached XP level 6. HP: 47/47 MP: 6/6
  2720 | D:4      | Reached skill level 7 in Unarmed Combat
  3265 | D:4      | Noticed Duvessa
  3266 | D:4      | Noticed Dowan
  3278 | D:4      | Killed Duvessa
  3391 | D:4      | Gained mutation: You have hoof-like feet. [demonic ancestry]
  3391 | D:4      | Reached XP level 7. HP: 49/52 MP: 7/7
  3439 | D:4      | Found a blossoming altar of Fedhas.
  3474 | D:5      | Entered Level 5 of the Dungeon
  3496 | D:5      | Reached skill level 8 in Unarmed Combat
  3743 | D:5      | Got a pair of ichor-stained gloves
  3749 | D:5      | Identified the +0 pair of gloves "Phyc" {rElec rF+ Regen+ SInv} (You found it on level 5 of the Dungeon)
  3925 | D:6      | Noticed Pikel
  3949 | D:6      | Reached skill level 1 in Armour
  4274 | D:6      | Found a staircase to the Ecumenical Temple.
  4280 | Temple   | Entered the Ecumenical Temple
  4548 | D:6      | Killed Pikel
  4548 | D:6      | Reached skill level 9 in Unarmed Combat
  4548 | D:6      | Gained mutation: You are mostly covered in molten scales (AC +3, EV -1). [demonic ancestry]
  4548 | D:6      | Reached XP level 8. HP: 41/58 MP: 8/8
  5177 | D:6      | Killed from afar by an orc priest

Action                   |  1- 3 |  4- 6 |  7- 9 || total
-------------------------+-------+-------+-------++-------
Melee: Unarmed           |   109 |   162 |   178 ||   449
Throw: Stone             |     1 |       |       ||     1
  Use: Scroll            |       |     8 |     3 ||    11
       Potion            |       |       |     2 ||     2
 Stab: Sleeping          |     1 |     1 |       ||     2
       Distracted        |       |     1 |       ||     1
  Eat: Chunk             |     1 |     7 |     5 ||    13
